 Dungeon Crawl Stone Soup version 0.27.1-2-g3b301248ec (webtiles) character file.

Game seed: 9678678596831156523

46 DoubleLucky the Caller (level 3, -7/19 HPs)
             Began as a Tengu Summoner on Oct 3, 2021.
             Killed by divine providence
             ... invoked by an orc priest
              (12 damage)
             ... on level 2 of the Dungeon.
             The game lasted 00:05:20 (1488 turns).

DoubleLucky the Caller (Tengu Summoner)             Turns: 1488, Time: 00:05:20

Health: -7/19      AC:  2    Str: 15    XL:     3   Next: 66%
Magic:  1/8        EV: 12    Int: 15    God:
Gold:   49         SH:  0    Dex: 14    Spells: 1/7 levels left

rFire    . . .     SeeInvis .   i - +3 dagger
rCold    . . .     Faith    .   (no shield)
rNeg     . . .     Spirit   .   a - +0 robe
rPois    .         Reflect  .   (helmet restricted)
rElec    .         Harm     .   (no cloak)
rCorr    .         Rampage  .   (no gloves)
Will     .....                  (boots unavailable)
Stlth    ++........             (no amulet)
HPRegen  0.06/turn              h - +6 ring of strength
MPRegen  0.11/turn              (no ring)

@: no status effects
A: beak, talons 3
a: no special abilities


You were on level 2 of the Dungeon.
You visited 1 branch of the dungeon, and saw 2 of its levels.

You collected 49 gold pieces.

Inventory:

Hand Weapons
 b - a +0 short sword
 d - a +0 spear
 i - a +3 dagger (weapon)
Missiles
 f - 3 curare-tipped darts
Armour
 a - a +0 robe (worn)
Jewellery
 h - a +6 ring of strength (left hand)
Scrolls
 k - a scroll of fog {unknown}
Potions
 c - a potion of cancellation {unknown}
 e - a potion of haste {unknown}
 g - a potion of magic {unknown}
 j - a potion of heal wounds {unknown}
 l - 2 potions of degeneration {unknown}


   Skills:
 - Level 2.1 Dodging
 - Level 2.0 Stealth
 + Level 2.9 Spellcasting
 + Level 5.6 Summonings


You had one spell level left.
You knew the following spells:

 Your Spells              Type           Power      Damage    Failure   Level
a - Summon Small Mammal   Summ           76%        N/A       1%          1
b - Call Imp              Summ           19%        N/A       3%          2
c - Call Canine Familiar  Summ           19%        N/A       6%          3

Your spell library contained the following spells:

 Spells                   Type           Power      Damage    Failure   Level
 Summon Guardian Golem    Hex/Summ       10%        N/A       19%         3
 Summon Lightning Spire   Summ/Air       10%        N/A       54%         4


Dungeon Overview and Level Annotations

Branches:
Dungeon (2/15)

Altars:

Shops:
D:1 *

Annotations:
D:2 exclusions: orc priest and 1 more exclusion


Innate Abilities, Weirdness & Mutations

You have a beak for a mouth.
You have claws for feet.


Message History

Confirm with . or Enter, or press ? or * to list all spells.
A metallic apparition takes form in the air.
Casting: Call Imp (safe; 3% risk of failure)
Confirm with . or Enter, or press ? or * to list all spells.
A beastly little devil appears in a puff of frigid air.
A giant cockroach comes into view.
Casting: Call Imp (safe; 3% risk of failure)
Confirm with . or Enter, or press ? or * to list all spells.
A beastly little devil appears in a puff of flame.
You swap places.
The orc priest hits your crimson imp with a +0 whip.
Your white imp disappears in a puff of smoke!
The orc wizard mumbles some strange words.
The orc wizard flickers and vanishes!
Deactivating autopickup; reactivate with Ctrl-A.
The orc priest hits your crimson imp but does no damage.
Your crimson imp hits the orc priest.
What are your orders? t - Shout!
Orders for allies: a - Attack new target. r - Retreat! s - Stop attacking. g - Guard the area. f - Follow me.
Anything else - Cancel.
Gang up on whom?
Press: ? - help, Dir - move target, f - orc priest
Aim: an orc priest, wielding a +0 whip and wearing a +0 ring mail of cold resistance (lightly wounded) Attack!
The orc priest invokes the aid of Beogh against you.
Beogh smites you!
Ouch! That really hurt!
* * * LOW HITPOINT WARNING * * *
Your crimson imp barely misses the orc priest.
The orc priest hits your crimson imp with a +0 whip.
The orc completely misses your crimson imp.
Your crimson imp closely misses the orc priest.
Your crimson imp hits the orc but does no damage.
The orc priest calls down the wrath of Beogh upon you.
Beogh smites you!
Ouch! That really hurt!
You die...

# #.#..# #.#....# ..o .#....(.#
... .o....o.############ ...
oo###............# ...
o$..go5..B.........# ..o
.####o5............##### ....
##5............##..#
#.#######......@.........##
##.............#........###
.(........###..........##
..........###.#.)#..#..#
..#.......##...(......#########
###...........#####...........#
###.........#.# #...>.......#
.##........##.# ##.......[..#
...........##.######..........#


You could see an orc priest (ally target), 2 orcs, a giant cockroach, a friendly
iron imp (summoned) and 2 friendly crimson imps.

Vanquished Creatures
  2 bats (D:1)
  An endoplasm (D:1)
  A hobgoblin (D:1)
  A jackal (D:2)
  2 quokkas (D:2)
  2 ball pythons
  A frilled lizard (D:2)
  A kobold (D:1)
11 creatures vanquished.

Vanquished Creatures (collateral kills)
  2 gnolls (D:1)
  2 adders (D:2)
  A dart slug (D:1)
  3 endoplasms (D:1)
  2 goblins (D:1)
  3 jackals (D:2)
  5 kobolds
  2 ball pythons (D:1)
  A bat (D:1)
  3 frilled lizards
  A rat (D:1)
25 creatures vanquished.

Grand Total: 36 creatures vanquished

Notes
Turn   | Place    | Note
-------+----------+-------------------------------------------
     0 | D:1      | DoubleLucky the Tengu Summoner began the quest for the Orb.
     0 | D:1      | Reached XP level 1. HP: 10/10 MP: 4/4
    89 | D:1      | Reached skill level 5 in Summonings
    89 | D:1      | Reached XP level 2. HP: 5/15 MP: 1/6
   456 | D:1      | You fall into a shaft and drop 1 floor!
   512 | D:2      | Learned a level 2 spell: Call Imp
   535 | D:2      | Reached XP level 3. HP: 19/19 MP: 2/8
   817 | D:1      | Found Zuinuzuh's Assorted Antiques.
  1393 | D:2      | Learned a level 3 spell: Call Canine Familiar
  1488 | D:2      | Killed from afar by an orc priest

Illustrated notes

Levels and vault maps discovered:
D:1:      amcnicky_arrival_single_pillar, layout_rooms, serial_shops, shop
D:2:      layout_rooms, minmay_worlds_worst_comb

Skill      XL: |  1 |
---------------+----+-----
Summonings     | 5 |  5.6
Dodging        | |  2.1
Stealth        | |  2.0
Spellcasting   | |  2.9

Action                   || total
-------------------------++-------
Melee: Kick              ||     6
       Unarmed           ||     1
       Spear             ||    10
       Peck              ||     5
       Dagger            ||     9
 Cast: Summon Small Mamm ||    29
       Call Imp          ||    17
 Stab: Sleeping          ||     1
Armor: Robe              ||     3
Dodge: Dodged            ||     8
